 Dungeon Crawl Stone Soup version 0.31-a0-845-g9abc20d24f (webtiles) character file.

Game seed: 8315087703670093445

2147277 Flugkiller the Wrestler (level 27, 276/276 HPs)
             Began as an Armataur Shapeshifter on Oct 2, 2023.
             Was the Champion of Wu Jian.
             Escaped with the Orb
             ... and 3 runes!
             The game lasted 01:07:05 (45724 turns).

Flugkiller the Wrestler (Armataur Shapeshifter)    Turns: 45724, Time: 01:07:06

Health: 276/276    AC: 58    Str: 30    XL:     27
Magic:  23/23      EV: 11    Int: 18    God:    Wu Jian [******]
Gold:   7949       SH:  0    Dex: 10    Spells: 26/26 levels left

rFire   + +          .
                       - Unarmed
rCold   + . .        (shield currently unavailable)
rNeg    + . .        K - +10 gold dragon scales
rPois   +            M - +2 helmet {SInv}
rElec   .            X - +2 cloak of Inaction {-Cast rPois Regen+}
rCorr   .            (gloves currently unavailable)
SInv    +            c - +10 Black Knight's barding {ponderous, rPois rN+}
Will    +++..        C - amulet of regeneration Stlth
                     v - +5 ring of evasion
HPRegen 2.26/turn    B - ring of Myustren {rF+ Will+ Str-2 Int+6}
MPRegen 0.18/turn

%: no spellcasting
@: blade hands, studying 3 skills, slow
A: large, rugged brown scales 3, deformed body, armoured tail, (roll), long
tongue, awkward tongue, stinger 1, camouflage 1, inability to drink after injury
1
0: Orb of Zot
}: 3/15 runes: barnacled, silver, gossamer
a: Begin Untransformation, Renounce Religion, Wall Jump, Serpent's Lash,
Heavenly Storm


You escaped.
You worshipped Wu Jian.
Wu Jian was exalted by your worship.
You had blades for hands.
You visited 9 branches of the dungeon, and saw 45 of its levels.
You visited 1 bazaar.
You also visited: Bailey, Gauntlet, Ice Cave, Volcano and Wizlab.

You collected 11024 gold pieces.
You spent 3075 gold pieces at shops.

Inventory:

Hand Weapons
 g - the +7 captain's cutlass {speed, disarm}
   (You found it on level 2 of the Realm of Zot)
Missiles
 e - 6 throwing nets
 P - 7 curare-tipped darts
Armour
 c - the +10 Black Knight's barding (worn) {ponderous, rPois rN+}
   (You bought it in a shop on level 2 of the Orcish Mines)

   rPois:     It protects you from poison rN+: It protects you from negative
   energy.
 K - +10 gold dragon scales (worn)
   (You found it on level 5 of the Vaults)
 M - a +2 helmet of see invisible (worn)
   (You found it in a bailey)
 T - a scarf of resistance
   (You found it on level 4 of the Lair of Beasts)
 X - the +2 cloak of Inaction (worn) {-Cast rPois Regen+}
   (You found it on level 5 of the Lair of Beasts)

   rPois:     It protects you from poison -Cast: It prevents spellcasting.
   Regen+:    It increases your rate of health regeneration.
Jewellery
 f - a ring of protection from fire
   (You found it on level 4 of the Spider Nest)
 i - a ring of see invisible
   (You found it on level 2 of the Shoals)
 p - a +4 ring of protection
   (You bought it in a shop on level 5 of the Dungeon)
 v - a +5 ring of evasion (left blade hand)
   (You bought it in a shop on level 5 of the Dungeon)
 B - the ring of Myustren (right blade hand) {rF+ Will+ Str-2 Int+6}
   (You took it off a spriggan on level 3 of the Depths)

   [ring of intelligence]

   Str-2:     It affects your strength (-2).
   Int+6:     It affects your intelligence (+6).
   rF+:       It protects you from fire.
   Will+:     It increases your willpower.
 C - an amulet of regeneration (around neck)
   (You found it on level 6 of the Dungeon)
 E - the ring "Palonio" {*Slow rElec rPois rC++ rCorr}
   (You took it off a draconian stormcaller on level 1 of the Realm of Zot)

   [ring of poison resistance]

   rC++:      It greatly protects you from cold.
   rElec:     It insulates you from electricity.
   rPois:     It protects you from poison rCorr: It protects you from acid and
   corrosion.
   *Slow:     It may slow you when you take damage.
 S - the ring "Mijar" {+Blink rCorr Str+3}
   (You found it on level 1 of the Lair of Beasts)

   [ring of resist corrosion]

   Str+3:     It affects your strength (+3).
   +Blink:    It lets you blink.
   rCorr:     It protects you from acid and corrosion.
Talismans
 O - a blade talisman (active)
   (You found it on level 9 of the Dungeon)
Wands
 a - a wand of quicksilver (45)
   (You found it on level 6 of the Dungeon)
 A - a wand of charming (23)
   (You found it on level 4 of the Dungeon)
 H - a wand of digging (46)
   (You found it on level 3 of the Lair of Beasts)
 R - a wand of mindburst (27)
   (You found it on level 10 of the Dungeon)
 V - a wand of roots (21)
   (You found it on level 13 of the Dungeon)
Scrolls
 m - 3 scrolls of silence
 o - 4 scrolls of vulnerability
 r - 6 scrolls of immolation
 s - 7 scrolls of fog
 t - 16 scrolls of teleportation
 z - 5 scrolls of blinking
 D - 4 scrolls of fear
 F - 3 scrolls of torment
 J - 3 scrolls of revelation
 N - a scroll of butterflies
 Q - 4 scrolls of poison
Potions
 b - 3 potions of invisibility
 d - 2 potions of might
 h - 2 potions of haste
 j - 4 potions of mutation
 k - 6 potions of ambrosia
 l - 7 potions of enlightenment
 n - 2 potions of resistance
 q - 10 potions of curing
 u - 2 potions of cancellation
 w - 8 potions of heal wounds
 x - 12 potions of lignification
 y - 4 potions of berserk rage
 G - 14 potions of attraction
 L - 5 potions of magic
Miscellaneous
 I - a condenser vane
   (You found it on level 5 of the Vaults)
 U - a phial of floods
   (You found it on level 5 of the Lair of Beasts)
 W - a box of beasts
   (You found it on level 2 of the Vaults)
 Y - a phantom mirror
   (You found it on level 5 of the Vaults)


   Skills:
 - Level 23.0 Fighting
 - Level 24.0 Armour
 - Level 11.0 Dodging
 + Level 26.3 Unarmed Combat
 - Level 6.0 Evocations
 - Level 19.0 Shapeshifting


You had 26 spell levels left.
You didn't know any spells.
Your spell library contained the following spells:

 Spells                   Type           Power      Damage    Failure   Level
 Kiss of Death            Conj/Necr      0%         2d5       83%         1
 Slow                     Hex            0%         N/A       83%         1
 Summon Small Mammal      Summ           0%         N/A       83%         1
 Blink                    Tloc           0%         N/A       92%         2
 Cigotuvi's Dreadful Rot  Necr/Pois/Air  0%         N/A       92%         2
 Lesser Beckoning         Tloc           0%         N/A       92%         2
 Momentum Strike          Conj/Tloc      0%         3d8       92%         2
 Poisonous Vapours        Pois/Air       0%         N/A       92%         2
 Static Discharge         Conj/Air       0%         2-2/arc   92%         2
 Sublimation of Blood     Necr           0%         N/A       92%         2
 Wereblood                Tmut           0%         N/A       92%         2
 Call Canine Familiar     Summ           0%         N/A       99%         3
 Confusing Touch          Hex            0%         N/A       99%         3
 Frozen Ramparts          Ice            0%         1d1       99%         3
 Gell's Gravitas          Tloc           0%         N/A       99%         3
 Ignite Poison            Fire/Tmut/Pois 0%         N/A       99%         3
 Mephitic Cloud           Conj/Pois/Air  0%         N/A       99%         3
 Ozocubu's Armour         Ice            0%         N/A       99%         3
 Sigil of Binding         Hex            0%         N/A       99%         3
 Stone Arrow              Conj/Erth      0%         3d7       99%         3
 Summon Guardian Golem    Hex/Summ       0%         N/A       99%         3
 Teleport Other           Tloc           0%         N/A       99%         3
 Tukima's Dance           Hex            0%         N/A       99%         3
 Vampiric Draining        Necr           0%         2d6       99%         3
 Volatile Blastmotes      Fire/Tloc      0%         2d10      99%         3
 Airstrike                Air            0%         2d(0-16)  100%        4
 Anguish                  Hex/Necr       0%         N/A       100%        4
 Animate Armour           Summ/Erth      0%         N/A       100%        4
 Animate Dead             Necr           0%         N/A       100%        4
 Brom's Barrelling Bould  Conj/Erth      0%         2d3       100%        4
 Cause Fear               Hex            0%         N/A       100%        4
 Dimensional Bullseye     Hex/Tloc       0%         N/A       100%        4
 Iskenderun's Mystic Bla  Conj/Tloc      0%         2d3       100%        4
 Manifold Assault         Tloc           0%         N/A       100%        4
 Petrify                  Tmut/Erth      0%         N/A       100%        4
 Summon Lightning Spire   Summ/Air       0%         N/A       100%        4
 Vhi's Electric Charge    Tloc/Air       0%         N/A       100%        4
 Arcjolt                  Conj/Air       0%         1d10      100%        5
 Fireball                 Conj/Fire      0%         3d3       100%        5
 Freezing Cloud           Conj/Ice/Air   0%         6-21      100%        5
 Irradiate                Conj/Tmut      0%         3d11      100%        5
 Iskenderun's Battlesphe  Conj           0%         2d6       100%        5
 Metabolic Englaciation   Hex/Ice        0%         N/A       100%        5
 Silence                  Hex/Air        0%         N/A       100%        5
 Conjure Ball Lightning   Conj/Air       0%         3x3d6     100%        6
 Dispersal                Tloc           0%         N/A       100%        6
 Plasma Beam              Fire/Air       0%         2x1d10    100%        6
 Simulacrum               Ice/Necr       0%         N/A       100%        6
 Enfeeble                 Hex            0%         N/A       100%        7
 Haunt                    Necr/Summ      0%         N/A       100%        7
 Orb of Destruction       Conj           0%         9d5       100%        7
 Spellforged Servitor     Conj/Summ      0%         N/A       100%        7
 Borgnjor's Revivificati  Necr           0%         N/A       100%        8
 Infestation              Necr           0%         N/A       100%        8
 Lehudib's Crystal Spear  Conj/Erth      0%         10d2      100%        8
 Death's Door             Necr           0%         N/A       100%        9
 Dragon's Call            Summ           0%         N/A       100%        9


Dungeon Overview and Level Annotations

Branches:
Dungeon (15/15)            Temple (1/1) D:4            Lair (5/5) D:9
 Shoals (4/4) Lair:2       Spider (4/4) Lair:3        Slime (0/5) Lair:5
    Orc (2/2) D:10            Elf (0/3) Orc:2        Vaults (5/5) D:13
  Crypt (0/3) Vaults:3     Depths (4/4) D:15            Zot (5/5) Depths:4
 Bailey (visited)           IceCv (visited)         Volcano (visited)
 WizLab (visited)         Gauntlet (visited)

Altars:
Ashenzari
Cheibriados
Dithmenos
Elyvilon
Fedhas
Gozag
Hepliaklqana
Kikubaaqudgha
Makhleb
Nemelex Xobeh
Okawaru
Qazlal
Ru
Sif Muna
Trog
Uskayaw
Vehumet
Wu Jian
Xom
Yredelemnul
Zin
The Shining One
Jiyva

Shops:
D:5 (=[(   D:12 :   D:15 ((?(   Orc:1 *   Orc:2 [=((   Vaults:3 [   Vaults:4 *
Depths:1 :*:?

Portals:
Hell: Depths:1 Depths:2 Depths:3 Depths:4
Abyss: Depths:1 Depths:2 Depths:3
Pandemonium: Depths:1 Depths:2 Depths:4
Ziggurat: Depths:1
Trove: D:13 (give 17 potions of curing)

Annotations:
Temple 2 transporters
Lair:1 3 runed translucent doors, Ziygar's ghost, journeyman TrFi
Orc:1 2 transporters, Hiworyng's ghost, journeyman DsEE
Vaults:3 1 transporter
Zot:5 2 transporters, Cyqimiab's ghost, legendary MfGl


Innate Abilities, Weirdness & Mutations

You have blades for hands.
You are incapable of wielding weapons or throwing items.
You are completely covered in rugged brown scales. (AC +3, +7% HP)
Armour fits poorly on your strangely shaped body.
You have a long armoured tail.
((You roll when moving toward enemies. (Rampage)))
Your long tongue fully drains potion bottles. (2x potion effects)
Your tongue gives you trouble enunciating. (1.5x scroll delay)
Your tail ends in a venomous barb.
Your skin changes colour to match your surroundings (Stealth+).
You occasionally lose the ability to drink potions when taking damage.


Message History

Your slash misses Rudghakhlu.
Rudghakhlu is moderately wounded.
You shred Rudghakhlu!!!!
You kill Rudghakhlu!
The Council accepts your kill.
Your supernatural speed expires.
A lich comes into view.
Unknown command.
A hellwing comes into view.
You feel less exhausted.
There is a stone staircase leading up here.
You climb upwards.
There is a stone staircase leading down here.
Unknown command.
There is a stone staircase leading up here.
You climb upwards.
There is a stone staircase leading down, spattered with blood here.
There is a stone staircase leading up here.
You climb upwards.
There is a stone staircase leading down here.
A neqoxec comes into view.
Unknown command.
A Hell Sentinel comes into view.
The Hell Sentinel roars!
Moloiko comes into view. It is armed with a vampiric touch.
The neqoxec gestures at you.
Something tries to feed on your intellect!
A lich comes into view.
Unknown command.
An Orb Guardian comes into view.
Press: ? - help, v - describe, . - travel
Here: Moloiko, armed with a vampiric touch The floor.
Unknown command.
You see here 6 stones.
You spin and attack the Orb Guardian repeatedly.
You shred the Orb Guardian!!!
You tail-slap the Orb Guardian, but do no damage.
The Orb Guardian is heavily wounded.
You shred the Orb Guardian!!!
You kill the Orb Guardian!
The Council accepts your kill.
The lich conjures an orb of pure magic.
An orb of destruction comes into view.
You can't go up here!
There is a stone staircase leading up here.
You climb upwards.
There is a stone staircase leading down here.
Things that are here:
a +0 robe; a +0 dagger
Things that are here:
a +0 robe; a +0 dagger
There is a stone staircase leading down, spattered with blood here.
There is a stone staircase leading up here.
You climb upwards.
There is a stone staircase leading down here.
A balrug and 3 sun demons come into view.
The balrug is wielding a +1 demon whip of venom.
Unknown command.
The sun demon shouts! x3
You shred the sun demon!!!
The sun demon is severely wounded.
The sun demon hits you but does no damage.
You lunge at the balrug, in a flurry of attacks.
You shred the balrug!!!!
You kill the balrug!
The Council accepts your kill.
You spin and attack the sun demon repeatedly.
You closely miss the sun demon. You slash the sun demon!!
You kill the sun demon!
The Council accepts your kill.
You spin and attack the sun demon repeatedly.
You hit the sun demon.
You tail-slap the sun demon, but do no damage.
Your slash misses the sun demon.
The sun demon is lightly wounded.
You slice the sun demon!! You tail-slap the sun demon! You slash the sun demon.
You kill the sun demon!
The Council accepts your kill.
You spin and attack the sun demon repeatedly.
You closely miss the sun demon. You shred the sun demon!!!!
You kill the sun demon!
The Council accepts your kill.
There is a stone staircase leading up here.
You climb upwards.
There is a stone staircase leading down here.
There is a stone staircase leading up here.
You climb upwards.
There is a stone staircase leading down here.
A rakshasa comes into view. It is wielding a +0 long sword.
Unknown command.
You lunge at the rakshasa, in a flurry of attacks.
You shred the rakshasa!!!!
You kill the rakshasa!
The Council accepts your kill.
No target in view!
There is an open door here.
There is a staircase leading out of the dungeon here.
Enter note: gg You have escaped!

.......##...............#.#.# #.#
........................#.#.# #.#
......>#########'#####.##.#.###.#
.......# ####.#####...........
.......# ##..#.#..##..#.#.###.#
.......# #.#.#.#.#.#..#.#.#....
...##### #..#...#..#..#...#.#..
...# ######.....####.#...#)###
...## ##.+.....@.....+.....#..).
....####..####.....####.#.#######
......#....#..#...#..#...........
#####.'....#[#.#.#.#.#.#....####.
# ###....##..#.#..##.#....# #. #
#.....####.####..#....# #.
#######........#+#.....#....# #.
##...##....###.....#...#....# #.
##...##....# #######...#....# #.


There were no monsters in sight!

Vanquished Creatures
  2 pandemonium lords
  3 dread liches (Zot:5)
  3 ancient liches
  8 orbs of fire
  Mara (Depths:3)
  2 juggernauts
  Parghit (Zot:4)
  3 Killer Klowns (Zot:5)
  Margery (Vaults:4)
  Bai Suzhen (Vaults:4)
  2 curse toes
  12 golden dragons
  Nikola (Spider:4)
  the Enchantress (Depths:3)
  Arachne (Spider:4)
  A profane servitor (Depths:1)
  A bone dragon (Depths:2)
  A Tzitzimitl (D:12)
  4 electric golems
  17 tentacled monstrosities
  Jorgrun (Shoals:2)
  5 titans
  An Ice Fiend (Zot:1)
  27 Orb Guardians
  Asterion (Spider:4)
  8 sphinxes
  Polyphemus (Shoals:4)
  9 quicksilver dragons
  Gastronok (Lair:1)
  Frances (Shoals:2)
  12 death cobs
  8 tengu reavers
  13 shadow dragons
  Aizul (Vaults:1)
  A daeva (Depths:1)
  Kirke (Spider:3)
  12 draconian monks
  Roxanne (Shoals:1)
  13 storm dragons
  11 fire giants
  5 draconian knights
  10 ghost moths
  20 vault wardens
  A deep elf sorcerer (Vaults:5)
  8 emperor scorpions
  7 frost giants
  7 draconian scorchers
  13 draconian shifters
  Louise (Shoals:2)
  A juggernaut zombie (Depths:2)
  A caustic shrike zombie (Depths:2)
  A reaper (Zot:1)
  21 ironbound preservers
  An angel (Depths:1)
  An iron dragon (Depths:3)
  2 orc warlords
  31 very ugly things
  3 balrugs
  4 spriggan defenders
  13 draconian annihilators
  A broodmother (Spider:2)
  A demonspawn blood saint (D:14)
  11 draconian stormcallers
  2 war gargoyles
  7 formless jellyfish
  19 stone giants
  5 deep elf demonologists
  7 ironbound thunderhulks
  3 vampire knights
  23 green draconians
  17 white draconians
  A minotaur (Gauntlet)
  A deep elf annihilator (Vaults:5)
  16 black draconians
  A demonspawn black sun (D:14)
  22 dire elephants
  19 yellow draconians
  A lorocyproca (D:14)
  21 purple draconians
  12 red draconians
  11 spark wasps
  An orange crystal statue (WizLab)
  A green death (Gauntlet)
  A blizzard demon (Depths:2)
  A deep elf death mage (Vaults:5)
  2 crystal guardians (Vaults:3)
  8 entropy weavers
  2 pearl dragon zombies (Depths:1)
  4 merfolk javelineers
  An entropy weaver (shapeshifter) (Depths:3)
  14 ettins
  2 deep elf high priests (Vaults:5)
  2 jiangshi (Depths:3)
  9 fire dragons
  Josephine (Orc:2)
  13 yaktaur captains
  13 merfolk impalers
  10 great orbs of eyes
  Erolcha (Orc:2)
  2 peacekeepers
  33 vault guards
  5 rakshasas
  A hell beast (Depths:2)
  4 spriggan air magi
  5 hydras
  9 ice dragons
  Erica (D:11)
  A catoblepas (Shoals:4)
  4 ironbound frosthearts
  4 merfolk avatars
  3 ogre magi
  2 jorogumos
  15 two-headed ogres
  2 satyrs
  16 centaur warriors
  A radroach (Spider:1)
  13 boulder beetles
  2 merfolk aquamancers
  A death knight (Depths:1)
  11 deep troll earth magi
  6 vampire magi (Depths:3)
  19 death yaks
  11 spriggan berserkers
  6 deep troll shamans
  12 tengu warriors
  3 hell hogs (Depths:1)
  Urug (D:13)
  4 spriggans
  5 hell knights
  6 sun demons
  11 demonic crawlers
  2 spectral death yaks (Lair:5)
  A fire crab (shapeshifter) (Vaults:5)
  6 iron trolls
  Nergalle (D:11)
  2 pharaoh ants
  7 skysharks
  8 sea snakes
  4 sun moths
  A spectral anaconda (Lair:5)
  44 deep trolls
  23 skeletal warriors
  2 glowing orange brains (Depths:3)
  A swamp dragon (D:9)
  An obsidian statue (Lair:5)
  13 orb spiders
  2 flayed ghosts
  4 steelbarb worms
  Pikel (D:7)
  3 shadow demons (Depths:3)
  A steelbarb worm (shapeshifter) (Vaults:5)
  17 ironbound convokers
  A golden dragon skeleton (Vaults:3)
  10 orc knights
  12 lindwurms
  4 wizards
  A deep elf archer (Vaults:5)
  11 necromancers
  6 wolf spider zombies (Spider:2)
  15 harpies
  4 deep elf zephyrmancers
  24 wolf spiders
  2 deep elf pyromancers
  48 ugly things
  15 cyclopes
  3 orc sorcerers
  10 fauns
  A tengu skeleton (Vaults:3)
  A wolf spider (shapeshifter) (Vaults:5)
  30 moths of wrath
  14 manticores
  A salamander (shapeshifter) (Vaults:5)
  An iron dragon skeleton (Depths:3)
  2 fire giant zombies
  An elephant (shapeshifter) (Vaults:5)
  18 elephants
  2 salamanders (Depths:1)
  A moth of wrath (shapeshifter) (Vaults:5)
  2 human skeletons (Vaults:3)
  A stone giant skeleton (Vaults:3)
  4 apis skeletons (Depths:1)
  2 rust devils
  9 merfolk sirens
  A smoke demon (Volcano)
  9 torpor snails
  7 water nymphs
  A guardian serpent (shapeshifter) (Vaults:5)
  3 gargoyles
  2 black mambas
  2 molten gargoyles (Volcano)
  3 unseen horrors
  16 cane toads
  A dire elephant skeleton (Lair:5)
  An unseen horror (shapeshifter) (D:13)
  20 vault sentinels
  An efreet (D:15)
  A hellion (Depths:4)
  3 rime drakes (Lair:5)
  5 kobold demonologists
  4 redback zombies (Spider:2)
  7 komodo dragons
  31 yaktaurs
  6 tengu conjurers
  3 freezing wraiths
  A yaktaur skeleton (Vaults:3)
  4 red devils
  2 ice devils
  31 merfolk
  A spark wasp simulacrum (Depths:3)
  A troll (shapeshifter) (D:15)
  6 meliai (Spider:1)
  4 hornets
  4 hellwings
  9 trolls
  A polar bear (Lair:2)
  A wolf spider simulacrum (D:14)
  12 snapping turtles
  24 tarantellas
  7 wind drakes
  10 culicivora zombies (Spider:2)
  4 tyrant leeches (Spider:2)
  3 blink frogs (Lair:5)
  3 dream sheep (Shoals:1)
  2 spectral elephants (Lair:5)
  6 tarantella zombies (Spider:2)
  38 slime creatures
  A centaur simulacrum (D:15)
  A dire elephant simulacrum (Lair:5)
  15 culicivoras
  24 jumping spiders
  92 yaks
  4 vampires
  2 ynoxinuls
  12 water elementals
  7 wraiths
  A wyvern (D:9)
  A fire bat (Volcano)
  2 basilisks
  2 hogs (Spider:3)
  47 redbacks
  4 vampire mosquitoes (D:14)
  4 steam dragons
  An elf skeleton (Vaults:3)
  3 spectral cane toads (Lair:5)
  2 wargs (Orc:2)
  4 acid dragons
  24 water moccasins
  6 hell hounds
  A floating eye (Depths:3)
  An elephant zombie (Lair:5)
  6 ice beasts
  47 orc warriors
  A sky beast (D:7)
  A black bear (D:6)
  3 boggarts (Depths:3)
  An elephant skeleton (Lair:5)
  4 wolves (Lair:4)
  A boggart (shapeshifter) (Vaults:5)
  21 centaurs
  13 ogres
  A phantom (D:5)
  4 kobold brigands (D:10)
  15 bullfrogs
  3 glowing shapeshifter simulacra
  5 scorpions
  3 killer bees (D:9)
  7 howler monkeys
  13 electric eels
  5 lava snakes (Volcano)
  6 hounds
  2 jellies
  12 orc priests
  Crazy Yiuf (D:3)
  A gnoll bouda (D:6)
  A sleepcap (D:8)
  An iguana (D:6)
  24 orc wizards
  8 adders
  7 gnolls
  5 shadow imps
  A white imp (D:7)
  An ufetubus (D:5)
  7 worms
  2 dart slugs
  82 orcs
  5 ball pythons
  5 bats
  11 endoplasms
  A giant cockroach (D:3)
  10 goblins
  7 hobgoblins
  2 jackals (D:2)
  3 quokkas (D:1)
  2 frilled lizards (D:1)
  7 kobolds
  4 rats (D:1)
2185 creatures vanquished.

Vanquished Creatures (others)
  An ironbound preserver (Vaults:3)
  A human (Spider:3)
  A centaur (D:15)
  A hound (D:6)
  An orc wizard (D:5)
5 creatures vanquished.

Grand Total: 2190 creatures vanquished

Notes
Turn   | Place    | Note
-------+----------+-------------------------------------------
     0 | D:1      | Flugkiller the Armataur Shapeshifter began the quest for
                  | the Orb.
     0 | D:1      | Reached XP level 1. HP: 16/16 MP: 1/1
    16 | D:1      | Reached skill level 1 in Fighting
   121 | D:1      | Reached XP level 2. HP: 24/24 MP: 2/2
   169 | D:1      | Reached skill level 3 in Unarmed Combat
   484 | D:1      | Reached XP level 3. HP: 29/29 MP: 3/3
   967 | D:2      | Found a shimmering altar of Xom.
  1588 | D:3      | Identified the +1 leather armour of Amorous the Leaf
                  | {Rampage +Inv}
  1810 | D:3      | Found a sparkling altar of Nemelex Xobeh.
  1912 | D:3      | Found a runed translucent door.
  1913 | D:3      | Noticed Crazy Yiuf
  1940 | D:3      | Found a glowing golden altar of the Shining One.
  1964 | D:3      | Reached XP level 4. HP: 21/38 MP: 4/4
  2037 | D:3      | Killed Crazy Yiuf
  2342 | D:4      | Found a white marble altar of Elyvilon.
  2353 | D:4      | Reached XP level 5. HP: 40/44 MP: 5/5
  2483 | D:4      | Reached skill level 4 in Unarmed Combat
  2640 | D:4      | Found a bloodstained altar of Trog.
  2657 | D:4      | Found a shimmering altar of Xom.
  2805 | D:4      | Reached XP level 6. HP: 54/54 MP: 6/6
  2815 | D:4      | Found a staircase to the Ecumenical Temple.
  2825 | Temple   | Found a transporter.
  2825 | Temple   | Found a transporter.
  2825 | Temple   | Found a transporter.
  2825 | Temple   | Found a transporter.
  2825 | Temple   | Entered the Ecumenical Temple
  2870 | D:5      | Entered Level 5 of the Dungeon
  2870 | D:5      | Found Ukhiun's Weapon Emporium.
  3065 | D:5      | Found Ymos Vor's Weapon Emporium.
  3076 | D:5      | Found Xopp's Antique Armour Emporium.
  3239 | D:5      | Noticed an ice beast
  3267 | D:5      | Killed an ice beast
  3268 | D:5      | Reached XP level 7. HP: 18/63 MP: 7/7
  3487 | D:5      | Reached skill level 5 in Unarmed Combat
  3690 | D:5      | Found Canwome's Jewellery Boutique.
  4047 | D:6      | Reached skill level 5 in Shapeshifting
  4048 | D:6      | Noticed a steam dragon
  4085 | D:5      | Reached XP level 8. HP: 10/71 MP: 8/8
  4144 | D:6      | Found a burning altar of Makhleb.
  4150 | D:6      | Reached skill level 5 in Fighting
  4224 | D:6      | Found a snail-covered altar of Cheibriados.
  4238 | D:6      | Found a hide-covered altar of Uskayaw.
  4321 | D:6      | Found an ancient bone altar of Kikubaaqudgha.
  4537 | D:6      | Reached skill level 6 in Unarmed Combat
  4685 | D:7      | Noticed a slime creature
  4685 | D:7      | Noticed a slime creature
  4685 | D:7      | Noticed a slime creature
  4699 | D:6      | Killed a slime creature
  4700 | D:6      | Reached XP level 9. HP: 43/80 MP: 9/9
  4775 | D:7      | Noticed Pikel
  4795 | D:7      | Killed Pikel
  4796 | D:7      | Reached skill level 7 in Unarmed Combat
  5014 | D:7      | Identified the +7 short sword of Drought {venom, Contam rN+
                  | Dex+5}
  5454 | D:7      | Found an opulent altar of Gozag.
  5578 | D:7      | Reached skill level 8 in Unarmed Combat
  5683 | D:8      | Reached XP level 10. HP: 94/94 MP: 10/10
  5903 | D:8      | Reached skill level 1 in Armour
  5903 | D:8      | Reached skill level 1 in Evocations
  6532 | D:9      | Noticed Harold
  6541 | D:9      | HP: 2/95 [Harold/+0 battleaxe of electrocution (21)]
  6568 | D:9      | HP: 3/96 [orc/+0 dagger (4)]
  6603 | D:9      | Found a flagged portal.
  6606 | Bailey   | Entered a bailey
  7004 | Bailey   | Reached skill level 5 in Armour
  7184 | Bailey   | Found an iron altar of Okawaru.
  7279 | Bailey   | Reached skill level 13 in Unarmed Combat
  7279 | Bailey   | Reached XP level 11. HP: 101/101 MP: 11/11
  7279 | Bailey   | Reached XP level 12. HP: 110/110 MP: 12/12
  7497 | D:9      | Harold changed into Harold the swamp dragon
  7497 | D:9      | Noticed Harold
  7633 | D:5      | Acquired 785 gold pieces
  7635 | D:5      | Bought a +5 ring of evasion for 504 gold pieces
  7635 | D:5      | Bought a +4 ring of protection for 504 gold pieces
  7975 | D:9      | Identified the +4 hand axe "Relamuf" {freeze, Str+3}
  8109 | D:9      | Found a staircase to the Lair.
  8187 | D:10     | Entered Level 10 of the Dungeon
  8284 | D:10     | Found a blossoming altar of Fedhas.
  8284 | D:10     | Found a broken altar of Ashenzari.
  8362 | D:10     | Noticed a two-headed ogre
  8367 | D:10     | Killed a two-headed ogre
  8423 | D:10     | Identified the +0 ring mail of Midsummer {Rampage rF- rCorr
                  | Slay+3}
  8476 | D:10     | Reached XP level 13. HP: 89/115 MP: 13/13
  8631 | D:10     | Found an ornate altar of the Wu Jian Council.
  8642 | D:10     | Became a worshipper of the Wu Jian Council
  8730 | D:10     | Found a staircase to the Orcish Mines.
  9244 | D:11     | Reached skill level 10 in Shapeshifting
  9454 | D:11     | Noticed Nergalle
  9460 | D:11     | Killed Nergalle
  9480 | D:11     | Reached * piety under Wu Jian
  9577 | D:11     | Found a frozen archway.
  9584 | IceCv    | Entered an ice cave
  9706 | D:11     | Noticed Erica
  9714 | D:11     | Killed Erica
 10443 | Lair:1   | Entered Level 1 of the Lair of Beasts
 10531 | Lair:1   | Noticed Ziygar's ghost (journeyman TrFi)
 10532 | Lair:1   | Found a runed translucent gate.
 10533 | Lair:1   | Found a runed translucent gate.
 10533 | Lair:1   | Found a runed translucent gate.
 10726 | Lair:1   | Noticed Gastronok
 10740 | Lair:1   | Killed Gastronok
 10879 | Lair:1   | Identified the ring "Mijar" {+Blink rCorr Str+3}
 10915 | Lair:1   | Reached ** piety under Wu Jian
 12185 | Lair:2   | Found a staircase to the Shoals.
 12204 | Lair:2   | Reached XP level 14. HP: 124/124 MP: 14/14
 12466 | Lair:2   | Found a dark tunnel.
 12472 | Volcano  | Entered a volcano
 12666 | Volcano  | Found a radiant altar of Vehumet.
 12749 | Volcano  | Reached *** piety under Wu Jian
 13385 | Lair:3   | Identified the +7 chain mail of the Evening Star {*Corrode
                  | rElec rPois rF+++}
 13724 | Lair:3   | Found a hole to the Spider Nest.
 13930 | Lair:3   | Reached skill level 14 in Unarmed Combat
 14106 | Lair:3   | Reached **** piety under Wu Jian
 14752 | Lair:5   | Entered Level 5 of the Lair of Beasts
 14973 | Lair:5   | Reached skill level 5 in Evocations
 15194 | Lair:5   | Found a staircase to the Slime Pits.
 15194 | Lair:5   | Found a viscous altar of Jiyva.
 15377 | Lair:5   | Reached XP level 15. HP: 134/134 MP: 15/15
 15381 | Lair:5   | Reached ***** piety under Wu Jian
 15696 | Lair:5   | Reached skill level 10 in Fighting
 16058 | Lair:5   | Identified the +2 cloak of Inaction {-Cast rPois Regen+}
 16642 | D:9      | Killed Harold the swamp dragon
 16643 | D:9      | Reached skill level 15 in Unarmed Combat
 17108 | D:12     | Found Kumo's Book Shop.
 17166 | D:12     | Reached skill level 15 in Shapeshifting
 17965 | D:13     | Found a portal to a secret trove of treasure.
 18361 | D:13     | Found a gate to the Vaults.
 18399 | D:13     | Noticed Urug
 18401 | D:13     | Killed Urug
 18562 | D:14     | Reached XP level 16. HP: 146/146 MP: 16/16
 18629 | D:14     | Reached ****** piety under Wu Jian
 19276 | D:14     | Reached skill level 10 in Armour
 19350 | D:15     | Entered Level 15 of the Dungeon
 19350 | D:15     | Found Gowk's Antique Weapon Shoppe.
 19404 | D:15     | Found Ukhluojum's Weapon Emporium.
 19516 | D:15     | Found a gate leading to a gauntlet.
 19525 | Gauntlet | Entered a Gauntlet
 19525 | Gauntlet | Found a transporter.
 19528 | Gauntlet | Found a transporter.
 19542 | Gauntlet | Found a runed translucent gate.
 19542 | Gauntlet | Found a runed translucent gate.
 19544 | Gauntlet | Found a transporter.
 19548 | Gauntlet | Found a transporter.
 19568 | Gauntlet | Found a transporter.
 19581 | Gauntlet | Found a transporter.
 19594 | Gauntlet | Found a transporter.
 19614 | Gauntlet | Found a transporter.
 19618 | Gauntlet | Found a transporter.
 19618 | Gauntlet | Found the +2 Maxwell's thermic engine {flame, freeze, rev}
 19626 | Gauntlet | Found a transporter.
 19652 | Gauntlet | Found a transporter.
 19654 | Gauntlet | Found a transporter.
 19687 | Gauntlet | Found a runed translucent gate.
 19734 | Gauntlet | Identified the amulet "Uggaymm" {RegenMP rF+ Int+3 Stlth+}
 19893 | D:15     | Acquired 668 gold pieces
 19895 | D:15     | Acquired the +1 barding of Integrity {-Cast rN+ Regen+
                  | Stlth+}
 19941 | D:15     | Found Neyluqeq's Antique Weapon Shoppe.
 19949 | D:15     | Identified the +8 hand axe "Gyfixaeb" {freeze, rElec rCorr}
 20081 | D:15     | Found Bilezy's Magic Scroll Shop.
 20086 | D:15     | Bought a scroll of blinking for 120 gold pieces
 20149 | D:15     | Found a staircase to the Depths.
 20264 | D:15     | Found a white marble altar of Elyvilon.
 20264 | D:15     | Found a glowing silver altar of Zin.
 20265 | D:15     | Found a glowing golden altar of the Shining One.
 20534 | Orc:1    | Entered Level 1 of the Orcish Mines
 20726 | Orc:1    | Found a transporter.
 20794 | Orc:1    | Found a transporter.
 20806 | Orc:1    | Noticed Hiworyng's ghost (journeyman DsEE)
 20829 | Orc:1    | Found a shimmering altar of Xom.
 20900 | Orc:1    | Found Kimavvei's General Store.
 20909 | Orc:1    | Bought a potion of curing for 42 gold pieces
 20949 | Orc:2    | Entered Level 2 of the Orcish Mines
 21011 | Orc:2    | Noticed Josephine
 21022 | Orc:2    | Killed Josephine
 21028 | Orc:2    | Reached skill level 16 in Unarmed Combat
 21120 | Orc:2    | Noticed Erolcha
 21129 | Orc:2    | Killed Erolcha
 21299 | Orc:2    | Found a staircase to the Elven Halls.
 21539 | Orc:2    | Found Tiquf's Jewellery Shoppe.
 21539 | Orc:2    | Found Rungacasuh's Weapon Boutique.
 21541 | Orc:2    | Found Lueboav's Antique Weapon Shop.
 21543 | Orc:2    | Found Boiliomn's Armour Emporium.
 21555 | Orc:2    | Bought the +10 Black Knight's barding {ponderous, rPois
                  | rN+} for 1077 gold pieces
 21555 | Orc:2    | Found the +10 Black Knight's barding {ponderous, rPois rN+}
 21798 | Spider:1 | Entered Level 1 of the Spider Nest
 22037 | Spider:1 | Reached XP level 17. HP: 143/156 MP: 17/17
 22222 | Spider:1 | You fall into a shaft and drop 1 floor!
 23177 | Spider:2 | Identified the +9 battleaxe "Laevaluhash" {vamp, Dex+4}
 24046 | Spider:3 | Noticed Kirke
 24053 | Spider:3 | Killed Kirke
 24845 | Spider:4 | Entered Level 4 of the Spider Nest
 24878 | Spider:4 | Noticed Asterion
 24885 | Spider:4 | Killed Asterion
 25025 | Spider:4 | Noticed Arachne
 25039 | Spider:4 | Killed Arachne
 25179 | Spider:4 | Reached XP level 18. HP: 167/167 MP: 18/18
 25484 | Spider:4 | Noticed Nikola
 25495 | Spider:4 | Killed Nikola
 25496 | Spider:4 | Reached skill level 17 in Unarmed Combat
 25497 | Spider:4 | Acquired 857 gold pieces
 25803 | Spider:4 | Got a gossamer rune of Zot
 26058 | Shoals:1 | Entered Level 1 of the Shoals
 26545 | Shoals:1 | Noticed Roxanne
 26551 | Shoals:1 | Killed Roxanne
 26858 | Shoals:2 | Noticed Frances
 26862 | Shoals:2 | Killed Frances
 27082 | Shoals:2 | Noticed Jorgrun
 27087 | Shoals:2 | Killed Jorgrun
 27259 | Shoals:2 | Identified the +0 tower shield "Digeam" {Slay+3}
 27259 | Shoals:2 | Noticed Louise
 27268 | Shoals:2 | Killed Louise
 27952 | Shoals:3 | Reached XP level 19. HP: 121/178 MP: 19/19
 28396 | Shoals:4 | Entered Level 4 of the Shoals
 28519 | Shoals:4 | Noticed Polyphemus
 28528 | Shoals:4 | Killed Polyphemus
 28576 | Shoals:4 | Identified the +5 flail of the Heavens {venom, *Rage Int+6}
 28807 | Shoals:4 | Reached skill level 18 in Unarmed Combat
 28891 | Shoals:4 | Found the +4 robe of Augmentation {Str+4 Int+4 Dex+4}
 28974 | Shoals:4 | Got a barnacled rune of Zot
 29007 | Shoals:4 | Reached skill level 15 in Fighting
 29037 | Shoals:4 | Identified the staff "Icsasi" {*Corrode rPois rC+ rN+
                  | Poison}
 29433 | Vaults:1 | Entered Level 1 of the Vaults
 29546 | Vaults:1 | Found a magical portal.
 29551 | WizLab   | Entered Wucad Mu's Monastery
 29666 | WizLab   | Found the crystal ball of Wucad Mu {*channel}
 29731 | WizLab   | Reached skill level 19 in Unarmed Combat
 29731 | WizLab   | Reached XP level 20. HP: 190/190 MP: 20/20
 29731 | WizLab   | Reached XP level 21. HP: 196/196 MP: 21/21
 29954 | Vaults:1 | Noticed Aizul
 29962 | Vaults:1 | Killed Aizul
 30750 | Vaults:1 | Got a blackened book
 30753 | Vaults:1 | Identified the +10 short sword of Bodily Harmony {drain,
                  | Dex+3}
 31180 | Vaults:2 | Paralysed by a formless jellyfish for 1 turns
 31201 | Vaults:2 | Reached skill level 15 in Armour
 31266 | Vaults:2 | Reached skill level 20 in Unarmed Combat
 31477 | Vaults:2 | Reached XP level 22. HP: 207/207 MP: 22/22
 32359 | Vaults:3 | Found Duuntiba's Armour Emporium.
 32586 | Vaults:3 | Found a transporter.
 32587 | Vaults:3 | Found a shimmering blue altar of Sif Muna.
 33203 | Vaults:3 | Found a staircase to the Crypt.
 33724 | Vaults:4 | Noticed Bai Suzhen
 33731 | Vaults:4 | Killed Bai Suzhen
 33991 | Vaults:4 | Reached skill level 21 in Unarmed Combat
 34105 | Vaults:4 | Noticed Margery
 34114 | Vaults:4 | Killed Margery
 34308 | Vaults:4 | Reached XP level 23. HP: 164/220 MP: 23/23
 34450 | Vaults:4 | Found Gemops's Assorted Antiques.
 34934 | Vaults:5 | Entered Level 5 of the Vaults
 35165 | Vaults:5 | Noticed an ancient lich
 35171 | Vaults:5 | Killed an ancient lich
 35192 | Vaults:5 | Reached skill level 22 in Unarmed Combat
 35331 | Vaults:5 | Reached XP level 24. HP: 170/233 MP: 23/23
 35581 | Vaults:5 | Identified the +2 robe of Inaction {rF+}
 35641 | Vaults:5 | Identified the +8 ring mail of the Marlin {rC+ rCorr}
 35653 | Vaults:5 | Identified the +11 scale mail of the Catamount {Regen+
                  | rCorr MP+9 Int-2}
 35678 | Vaults:5 | Got an ancient book
 35701 | Vaults:5 | Got an innocuous book
 35795 | Vaults:5 | Identified the ring "Qukk" {Fire rPois rN+}
 35806 | Vaults:5 | Acquired 716 gold pieces
 35941 | Vaults:5 | Got a silver rune of Zot
 35967 | Vaults:5 | Identified the staff "Ket Tafa" {Will+ SInv Conj}
 36529 | Depths:1 | Entered Level 1 of the Depths
 36533 | Depths:1 | Found a one-way gate to the infinite horrors of the Abyss.
 36609 | Depths:1 | Found Cazxyg's Book Boutique.
 36701 | Depths:1 | Found a one-way gate leading to the halls of Pandemonium.
 36734 | Depths:1 | Found a basalt altar of Yredelemnul.
 36826 | Depths:1 | Paralysed by a vampire knight for 4 turns
 36832 | Depths:1 | Found Vaguhug's General Store.
 36842 | Depths:1 | Bought a scroll of teleportation for 51 gold pieces
 36848 | Depths:1 | Found a gateway to a bazaar.
 36867 | Depths:1 | Found Ufegyrel's Book Emporium.
 36904 | Bazaar   | Entered a bazaar
 36904 | Bazaar   | Found Hygonn's Antique Armour Shoppe.
 36904 | Bazaar   | Found Womiassi's Book Emporium.
 36906 | Bazaar   | Found Rutickijypi's Book Shoppe.
 36922 | Bazaar   | Found Bulef's Book Emporium.
 36940 | Bazaar   | Bought a scorched chain mail for 237 gold pieces
 36940 | Bazaar   | Identified the +9 chain mail of Pyreec {rC+ Regen+ Dex+2}
                  | (You bought it in a shop in a bazaar)
 36999 | Depths:1 | Found Loplul's Magic Scroll Shoppe.
 37007 | Depths:1 | Bought a scroll of blinking for 135 gold pieces
 37007 | Depths:1 | Bought a scroll of enchant armour for 135 gold pieces
 37007 | Depths:1 | Bought a scroll of enchant armour for 135 gold pieces
 37007 | Depths:1 | Bought a scroll of revelation for 135 gold pieces
 37011 | Depths:1 | Found a one-way gateway to a ziggurat.
 37116 | Depths:1 | Found a gateway to Hell.
 38162 | Depths:2 | Reached skill level 23 in Unarmed Combat
 38606 | Depths:3 | Found the +0 pair of fencer's gloves {Riposte Dex+3}
 38741 | Depths:3 | Paralysed by a floating eye for 2 turns
 38850 | Depths:3 | Noticed a juggernaut
 38866 | Depths:3 | Killed a juggernaut
 38873 | Depths:3 | Noticed Mara
 38877 | Depths:3 | Noticed Flugkiller's illusion
 38883 | Depths:3 | Killed Mara
 38884 | Depths:3 | Reached XP level 25. HP: 244/252 MP: 23/23
 39063 | Depths:3 | Noticed the Enchantress
 39063 | Depths:3 | Identified the ring of Myustren {rF+ Will+ Str-2 Int+6}
 39090 | Depths:3 | Killed the Enchantress
 39345 | Depths:4 | Entered Level 4 of the Depths
 39469 | Depths:4 | Noticed a juggernaut
 39478 | Depths:4 | Killed a juggernaut
 39790 | Depths:4 | Found a sacrificial altar of Ru.
 39871 | Depths:4 | Found a gate to the Realm of Zot.
 40137 | Zot:1    | Entered Level 1 of the Realm of Zot
 40267 | Zot:1    | Reached skill level 5 in Dodging
 40378 | Zot:1    | You fall into a shaft and drop 1 floor!
 40764 | Zot:2    | Found the +7 captain's cutlass {speed, disarm}
 41153 | Zot:1    | Noticed an orb of fire
 41159 | Zot:1    | Killed an orb of fire
 41250 | Zot:1    | Reached XP level 26. HP: 145/267 MP: 23/23
 41373 | Zot:1    | Identified the ring "Palonio" {*Slow rElec rPois rC++
                  | rCorr}
 41613 | Zot:1    | Reached skill level 10 in Dodging
 43731 | Zot:4    | Noticed Parghit
 43736 | Zot:4    | Killed Parghit
 44096 | Zot:5    | Entered Level 5 of the Realm of Zot
 44134 | Zot:5    | Found a transporter.
 44136 | Zot:5    | Noticed Cyqimiab's ghost (legendary MfGl)
 44137 | Zot:5    | Noticed an ancient lich
 44170 | Zot:5    | Found a transporter.
 44280 | Zot:5    | Reached XP level 27. HP: 270/276 MP: 9/23
 44671 | Zot:5    | Noticed a dread lich
 44675 | Zot:5    | Killed a dread lich
 44677 | Zot:5    | Noticed an orb of fire
 44680 | Zot:5    | Killed an orb of fire
 44681 | Zot:5    | Reached skill level 24 in Unarmed Combat
 44681 | Zot:5    | Noticed an orb of fire
 44683 | Zot:5    | Killed an orb of fire
 44684 | Zot:5    | Noticed a dread lich
 44685 | Zot:5    | Noticed an orb of fire
 44686 | Zot:5    | Noticed a dread lich
 44688 | Zot:5    | Killed an orb of fire
 44689 | Zot:5    | Killed a dread lich
 44691 | Zot:5    | Killed a dread lich
 44720 | Zot:5    | Noticed an orb of fire
 44723 | Zot:5    | Gained mutation: You are frail. (-10% HP) [an orb of fire]
 44724 | Zot:5    | Killed an orb of fire
 44726 | Zot:5    | Noticed an orb of fire
 44728 | Zot:5    | Gained mutation: You sometimes lose your temper in combat.
                  | [an orb of fire]
 44729 | Zot:5    | Killed an orb of fire
 44729 | Zot:5    | Reached skill level 25 in Unarmed Combat
 44729 | Zot:5    | Noticed an orb of fire
 44733 | Zot:5    | Noticed an orb of fire
 44734 | Zot:5    | Killed an orb of fire
 44735 | Zot:5    | Lost mutation: You are frail. (-10% HP) [potion of
                  | mutation]
 44735 | Zot:5    | Lost mutation: You sometimes lose your temper in combat.
                  | [potion of mutation]
 44735 | Zot:5    | Gained mutation: You occasionally lose the ability to read
                  | scrolls when taking damage. [potion of mutation]
 44735 | Zot:5    | Gained mutation: You passively map a small area around you.
                  | [potion of mutation]
 44735 | Zot:5    | Lost mutation: You passively map a small area around you.
                  | [potion of mutation]
 44735 | Zot:5    | Gained mutation: You occasionally lose the ability to drink
                  | potions when taking damage. [potion of mutation]
 44735 | Zot:5    | Lost mutation: You occasionally lose the ability to read
                  | scrolls when taking damage. [potion of mutation]
 44735 | Zot:5    | Gained mutation: Your skin changes colour to match your
                  | surroundings (Stealth+). [potion of mutation]
 44735 | Zot:5    | Gained mutation: Your tail ends in a venomous barb. [potion
                  | of mutation]
 44738 | Zot:5    | Killed an orb of fire
 44748 | Zot:5    | Noticed an ancient lich
 44753 | Zot:5    | Noticed an ancient lich
 44754 | Zot:5    | Killed an ancient lich
 44754 | Zot:5    | Killed an ancient lich
 45132 | Zot:5    | Got the Orb of Zot
 45392 | D:14     | Reached skill level 26 in Unarmed Combat
 45419 | D:12     | Noticed Xacaecin the pandemonium lord
 45423 | D:12     | Killed Xacaecin the pandemonium lord
 45557 | D:8      | Noticed Rudghakhlu the pandemonium lord
 45564 | D:8      | Killed Rudghakhlu the pandemonium lord
 45626 | D:5      | Noticed Moloiko the pandemonium lord
 45723 | D:1      | gg
 45724 | D:$      | Escaped with the Orb!

Illustrated notes

.......##...............#.#.# #.#
........................#.#.# #.#
......>#########'#####.##.#.###.#
.......# ####.#####...........
.......# ##..#.#..##..#.#.###.#
.......# #.#.#.#.#.#..#.#.#....
...##### #..#...#..#..#...#.#..
...# ######.....####.#...#)###
...## ##.+.....@.....+.....#..).
....####..####.....####.#.#######
......#....#..#...#..#...........
#####.'....#[#.#.#.#.#.#....####.
# ###....##..#.#..##.#....# #. #
#.....####.####..#....# #.
#######........#+#.....#....# #.
##...##....###.....#...#....# #.
##...##....# #######...#....# #.


Turn 45723 on D:1: gg

Levels and vault maps discovered:
D:1:      nzn_arrival_crosshair, layout_basic, minmay_door_square
D:2:      layout_rooms, basic_altar, hangedman_decor_points,
          kennysheep_cluttered_room
D:3:      layout_basic, tso_oasis_becter, nemelex_diamond_rough_becter,
          minmay_misc_feat_enclosed, uniq_crazy_yiuf_cottage
D:4:      layout_gridville, elyvilon_altar_5, mainiacjoe_overflow_chevrons,
          kennysheep_little_box, minmay_temple_entry_junction,
          minmay_misc_feat_room
D:5:      layout_loops_ring, serial_shops, shop, shop, shop_statue,
          nicolae_shop_real_fake_doors, grunt_decor_fettered
D:6:      minmay_bubble_buster, layout_rooms, kennysheep_mini, bloody_makhleb,
          mainiacjoe_overflow_large_starburst, st_stairs_5
D:7:      layout_loops_ring, kennysheep_mini_moat, uniq_pikel
D:8:      layout_cave_pods
D:9:      layout_rooms, david_lair_shrubbed, enter_bailey_2, hex_large,
          uniq_harold
D:10:     layout_loops_ring, nicolae_wu_jian_wuxing_cycle,
          gammafunk_temple_overflow_elements, orc_0_dummy
D:11:     layout_basic, portal_ice_cave_entry_pillars_1, serial_bayou,
          serial_bayou_pond_b, serial_bayou_ford_a, serial_bayou_lagoon_a,
          serial_bayou_pond_b, minivault_10, uniq_nergalle, uniq_erica
D:12:     layout_cave_pods, serial_shops, shop
D:13:     layout_stronghold, david_vaults_1, enter_trove_0,
          minmay_fractal_squares_diagonal_5, uniq_urug
D:14:     layout_irregular_city, lemuel_nasty_fountain
D:15:     grunt_enter_depths_snipers, layout_cave_pools, gauntlet_entry_generic,
          good_gods_temple_1, serial_shops, nicolae_shop_crystal, shop,
          nicolae_shop_just_a_little_nook, nicolae_shop_pleasant_corner_grove,
          drop_trap, nrook_loot_triangle
Temple:   hellmonk_temple_divided_pantheon
Lair:1:   layout_layer_cave, ebering_ghost_rock_garden, serial_bayou_pond_c,
          uniq_gastronok
Lair:2:   layout_chaotic_city, minmay_shoals_entry_beasts,
          nicolae_volcano_entry_s_turn
Lair:3:   layout_regular_city, nicolae_spider_entry_non_spiders
Lair:4:   layout_hall_layers, lookout_lair_type, infiniplex_staircase_pool
Lair:5:   due_jungle_book, layout_loops_ring, slime_entry_1,
          chequers_serial_rivers_small_3
Shoals:1: layout_shoals, uniq_roxanne
Shoals:2: layout_shoals, st_cyclops, uniq_louise, uniq_frances, uniq_jorgrun
Shoals:3: layout_shoals, nicolae_shoals_mertower
Shoals:4: shoals_end_grunt_ice, layout_shoals, uniq_polyphemus
Spider:1: layout_chambers, hangedman_spider_tarantella_strand
Spider:2: lemuel_spider_zombies, hangedman_stitches_earthworm
Spider:3: layout_chambers, nicolae_spider_webs_and_nodes, nicolae_spider_bzzzt,
          uniq_kirke
Spider:4: grunt_spider_rune_circles, uniq_nikola, uniq_asterion, uniq_arachne
Orc:1:    layout_caves, serial_shops, shop, gammafunk_ghost_arena,
          lemuel_statue_altar, nicolae_specific_store
Orc:2:    st_orc_rangers, layout_caves, uniq_josephine, uniq_erolcha
Vaults:1: infiniplex_enter_wizlab_spiral, nicolae_vaults_hexular_roomagon,
          nicolae_vaults_storage_closets_1, nicolae_vaults_network_square,
          vaults_room_grunt_arrival_ludios, v_misc_27, vaults_mumra_chevron,
          vaults_standard_mumra_enter_the_diamond, vaults_mumra_chevron_long,
          nicolae_vaults_closet_pinwheel_4, st_quartered_hall,
          layout_vaults_ring, uniq_aizul
Vaults:2: nicolae_vaults_shipping_containers_2, nicolae_vaults_triangles,
          nicolae_vaults_little_ls, nicolae_vaults_six-pack, v_misc_22,
          vaults_room_door_hall, v_misc_22, v_rooms_1, nicolae_vaults_house_3,
          grunt_vaults_focal, v_alt_pattern_2, vaults_room_pool,
          ontoclasm_vaults_fault, layout_vaults_big_cross
Vaults:3: minmay_crypt_entry_skeletal_spiral, ontoclasm_vaults_idyll,
          nicolae_vaults_tetromino_T_1, gammafunk_sealed_library, v_rooms_4,
          vaults_mumra_minichess_inversion, v_misc_31,
          nicolae_vaults_diagonal_hallway_7, vaults_mumra_hex,
          nicolae_vaults_surprise_closet, layout_vaults_chaotic_city,
          serial_shops, nicolae_shop_scrapyard
Vaults:4: nicolae_vaults_more_shelving_1, vaults_dpeg_diagonal,
          vaults_room_ringed_pool, nicolae_vaults_little_squares_6,
          nicolae_vaults_what_the_h, v_misc_10, v_misc_9,
          nicolae_vaults_yaktaur_gun_rack, vaults_mumra_hexcomb,
          nicolae_vaults_antechamber_and_loot_room, nicolae_vaults_house_2,
          layout_vaults_omnigrid, serial_shops, shop, uniq_bai_suzhen,
          uniq_margery
Vaults:5
Depths:1: minmay_angry_zag, layout_cave_pools, enter_ziggurat_c,
          pf_hell_entry_tar_spiral, minmay_misc_feat_chi, abyss_entry,
          serial_shops, bzr_entry_road, shop, nicolae_shop_window_shopping,
          nicolae_shop_tiny_statue_garden, nicolae_shop_mannequins, pan_entry,
          hangedman_blasphemy
Depths:2: cross_vault, layout_cave_shapes, roderic_lattice_a,
          rand_demon_pan_entry_8, grunt_mini_vestibule,
          nicolae_abyss_entry_one_way_or_another, serial_bayou_shore_b
Depths:3: minmay_the_grid_square_5x5_5x5_mashed
          [minmay_the_grid_square_5x5_longway, minmay_the_grid_square_5x5_three,
          minmay_the_grid_square_5x5_beaten_path,
          minmay_the_grid_square_5x5_n_small,
          minmay_the_grid_square_5x5_percent,
          minmay_the_grid_square_5x5_minimal,
          minmay_the_grid_square_5x5_prize_gold, minmay_the_grid_square_5x5_c,
          minmay_the_grid_square_5x5_prize_rear_guard,
          minmay_the_grid_square_5x5_bracketed,
          minmay_the_grid_square_5x5_half_checkered,
          minmay_the_grid_square_5x5_two_walls_b,
          minmay_the_grid_square_5x5_prize_pseudospiral,
          minmay_the_grid_square_5x5_detours,
          minmay_the_grid_square_5x5_pentomino_r,
          minmay_the_grid_square_5x5_hourglass,
          minmay_the_grid_square_5x5_prize_waves,
          minmay_the_grid_square_5x5_plus,
          minmay_the_grid_square_5x5_prize_open,
          minmay_the_grid_square_5x5_checkered_statues,
          minmay_the_grid_square_5x5_two_small,
          minmay_the_grid_square_5x5_spiral_small,
          minmay_the_grid_square_5x5_checkered_sparse,
          minmay_the_grid_square_5x5_shrine1,
          minmay_the_grid_square_5x5_sharp_hourglass], layout_cave_pools,
          hangedman_coc_ice_floe, abyss_entry, corexii_hall_statues_i,
          nicolae_keep_em_comin, uniq_mara, uniq_enchantress
Depths:4: grunt_x_marks_the_spot, layout_cave_pools, hell_entry,
          rand_demon_pan_entry_5, nicolae_ru_awakened_eye
Zot:1:    layout_gridlike, st_stairs_9, grunt_megastairs_2
Zot:2:    layout_gridlike
Zot:3:    layout_cathedral_of_symmetry
Zot:4:    layout_misc_corridors, uniq_parghit
Zot:5:    layout_gridlike, gammafunk_ghost_mausoleum

Skill      XL: |  1  2  3  4  5  6  7  8  9 10 11 12 13 14 15 16 17 18 19 20 21 22 23 24 25 26 27 |
---------------+----------------------------------------------------------------------------------+-----
Fighting       | 1 2 3 4 6 8 9 11 12 13 14 15 17 18 21 23 | 23.0
Unarmed Combat | 3 4 5 6 8 13 14 15 16 17 19 20 21 22 23 26 | 26.3
Shapeshifting  | 3 4 5 6 7 8 13 14 15 16 17 18 19 | 19.0
Armour         | 7 8 9 11 13 14 15 17 19 20 23 24 | 24.0
Evocations     | 2 5 6 |  6.0
Dodging        | 8 11 | 11.0

Action                     |  1- 3 |  4- 6 |  7- 9 | 10-12 | 13-15 | 16-18 | 19-21 | 22-24 | 25-27 || total
---------------------------+-------+-------+-------+-------+-------+-------+-------+-------+-------++-------
  Melee: Unarmed           |   106 |   112 |   225 |   293 |  1155 |  1468 |   552 |  1448 |  1357 ||  6716
         Tailslap          |    10 |    14 |    34 |    34 |    70 |   251 |    87 |   295 |   259 ||  1054
         Punch             |     1 |     4 |     7 |    15 |    31 |   121 |    65 |   231 |   234 ||   709
         Constrict         |       |       |       |       |   133 |       |       |       |       ||   133
 Invoke: Serpent's Lash    |       |       |       |       |     4 |    27 |     5 |    16 |    23 ||    75
         Heavenly Storm    |       |       |       |       |       |       |       |     3 |     1 ||     4
Ability: Lunge             |       |       |       |       |    73 |   119 |    44 |   108 |    99 ||   443
         Whirlwind         |       |       |       |       |    14 |   119 |    28 |   243 |   213 ||   617
  Evoke: Wand              |       |       |       |     3 |       |     2 |       |     1 |       ||     6
         Phial of floods   |       |       |       |       |       |     1 |       |       |       ||     1
         Condenser vane    |       |       |       |       |       |       |       |       |     1 ||     1
    Use: Scroll            |       |     3 |    10 |     7 |     5 |    13 |       |     1 |    15 ||    54
         Potion            |       |     1 |       |     7 |     1 |     3 |     2 |       |     7 ||    21
   Stab: Sleeping          |     1 |       |       |       |       |       |       |       |       ||     1
         Invisible         |       |       |       |     1 |       |       |       |       |       ||     1
         Confused          |       |       |       |       |       |       |       |       |     2 ||     2
 Armour: Animal skin       |    31 |       |       |       |       |       |       |       |       ||    31
         Scale mail        |    15 |       |       |       |       |       |       |       |       ||    15
         Troll leather arm |     8 |    94 |   138 |   179 |   119 |       |       |       |       ||   538
         Steam dragon scal |       |       |     9 |       |       |       |       |       |       ||     9
         Skin              |       |       |       |     9 |   468 |       |       |       |       ||   477
         Chain mail        |       |       |       |       |   115 |  1737 |   627 |  1172 |   241 ||  3892
         Gold dragon scale |       |       |       |       |       |       |       |       |   983 ||   983
  Dodge: Dodged            |    26 |    38 |    80 |   113 |   525 |   789 |   214 |   529 |   396 ||  2710
   Form: Blade             |       |       |       |       |     3 |     1 |       |       |       ||     4
         Anaconda          |       |       |       |       |     1 |       |       |       |       ||     1
                           |       |       |       |       |     1 |       |       |       |       ||     1
         Statue            |       |       |       |       |       |     1 |       |       |       ||     1

Table legend: (Time is in decaauts)
 A = Elapsed time spent in this place.
 B = Non-inter-level travel time spent in this place.
 C = Inter-level travel time spent in this place.
 D = Time resting spent in this place.
 E = Time spent auto-exploring this place.
 F = Levels seen in this place.
 G = Mean time per level.
                   A        B        C        D        E       F      G
               +--------+--------+--------+--------+--------+-----+--------+
         Total |  46077 |  42455 |   3622 |   4304 |  26869 |  51 |  903.5 |
       Dungeon |  13583 |  11904 |   1679 |   1127 |   7740 |  15 |  905.5 |
        Temple |      1 |      1 |      0 |      0 |      0 |   1 |    1.0 |
          Lair |   5919 |   5471 |    448 |    874 |   3371 |   5 | 1183.8 |
        Shoals |   3341 |   3166 |    175 |    501 |   1775 |   4 |  835.2 |
   Spider Nest |   4350 |   4155 |    195 |    317 |   2743 |   4 | 1087.5 |
  Orcish Mines |   1105 |   1073 |     32 |     14 |    818 |   2 |  552.5 |
        Vaults |   6941 |   6448 |    493 |    231 |   4575 |   5 | 1388.2 |
        Depths |   3777 |   3520 |    257 |    141 |   2415 |   4 |  944.2 |
           Zot |   5145 |   4805 |    340 |    793 |   2808 |   5 | 1029.0 |
        Bazaar |     47 |     47 |      0 |      0 |     24 |   1 |   47.0 |
        Bailey |    842 |    842 |      0 |    254 |    208 |   1 |  842.0 |
      Ice Cave |     59 |     59 |      0 |     17 |      0 |   1 |   59.0 |
       Volcano |    296 |    296 |      0 |      7 |     26 |   1 |  296.0 |
        Wizlab |    311 |    311 |      0 |      9 |    139 |   1 |  311.0 |
      Gauntlet |    355 |    355 |      0 |     18 |    223 |   1 |  355.0 |
               +--------+--------+--------+--------+--------+-----+--------+

Top non-repeatable levels by time:
  Lair:1: 1755 daAuts
  Lair:5: 1703 daAuts
Vaults:1: 1510 daAuts
Vaults:4: 1439 daAuts
Vaults:5: 1433 daAuts
Vaults:3: 1370 daAuts
    D:11: 1368 daAuts
Spider:3: 1334 daAuts
   Zot:3: 1267 daAuts
Spider:1: 1206 daAuts
Depths:2: 1201 daAuts
Vaults:2: 1188 daAuts
    D:10: 1094 daAuts
   Zot:5: 1091 daAuts
     D:3: 1060 daAuts
